Map: Beckett Industries LE

Players

TheShredder - Winner!

  • Race: Terran Terran
  • League: Diamond

Oghma

  • Race: Zerg Zerg
  • League: Diamond

VOD

Have the link to the VOD?

Description

Time

  • Played on: July 8, 2021, 10:09 p.m.
  • Length: 23:10
Show
View Real Time Build Order
Export as new Build Order

TheShredder Terran - Winner!

Build Orders: 2 Factory 

Get SALT Encoding   

  12  0:01  SCV  
  13  0:13  SCV  
  14  0:25  SCV  
  14  0:26  Supply Depot  
  15  0:29  Refinery  
  15  0:47  SCV  
  16  0:53  Supply Depot  
  16  0:59  SCV  
  17  1:06  Barracks  
  17  1:15  Barracks  
  17  1:28  Refinery, SCV  
  18  1:40  Supply Depot, SCV  
  19  1:52  SCV  
  20  2:04  SCV  
  20  2:05  Reaper  
  22  2:10  Bunker  
  22  2:17  SCV  
  23  2:29  SCV  
  24  2:36  Factory  
  24  2:41  Marine, SCV  
  26  3:17  Command Center  
  26  3:22  Factory, Widow Mine  
  28  3:29  Armory, Orbital Command  
  28  3:44  Widow Mine  
  28  3:46  Starport  
  29  4:05  Widow Mine  
  29  4:09  Barracks  
  31  4:12  Factory Tech Lab  
  31  4:21  Supply Depot, Engineering Bay  
  31  4:24  Starport Tech Lab  
  31  4:45  Widow Mine  
  33  4:51  Banshee  
  36  4:57  Supply Depot  
  36  4:58  Supply Depot  
  36  5:04  Missile Turret  
  36  5:22  Marine  
  37  5:34  Banshee  
  39  5:47  Fusion Core  
  39  5:48  Starport  
  39  5:51  Planetary Fortress  
  39  6:18  SCV  
  43  6:20  Widow Mine  
  45  6:28  SCV  
  45  6:30  SCV  
  47  6:33  Starport Tech Lab  
  44  6:41  SCV, Widow Mine  
  44  6:42  SCV  
  46  6:49  Refinery  
  46  6:50  Refinery  
  46  6:53  SCV  
  47  6:54  SCV  
  47  7:00  Supply Depot  
  48  7:03  Widow Mine  
  48  7:05  SCV  
  48  7:06  SCV  
  52  7:17  SCV  
  52  7:18  SCV  
  54  7:24  Widow Mine  
  54  7:29  SCV  
  57  7:30  SCV  
  55  7:51  Battlecruiser  
  55  7:52  Battlecruiser  
  55  7:55  Missile Turret  
  55  7:56  SCV x2  
  55  7:57  Missile Turret  
  69  8:03  Missile Turret  
  69  8:08  SCV x2, Missile Turret, Widow Mine  
  73  8:20  SCV x2  
  73  8:29  Widow Mine  
  75  8:40  SCV  
  75  8:41  SCV  
  77  8:47  Supply Depot  
  77  8:49  Supply Depot  
  67  9:13  Battlecruiser  
  67  9:14  Battlecruiser  
  79  9:20  Factory  
  79  9:22  Factory  
  79  9:23  Factory  
  79  9:29  Widow Mine  
  79  9:50  Widow Mine  
  81  10:03  Command Center  
  81  10:06  Supply Depot  
  81  10:08  Ghost Academy  
  81  10:12  Widow Mine  
  83  10:15  Ghost Academy  
  72  10:33  Widow Mine  
  66  10:54  Widow Mine  
  68  11:05  Factory Tech Lab x2  
  68  11:06  Factory Tech Lab  
  68  11:10  Command Center  
  68  11:16  Widow Mine  
  64  11:48  Thor  
  70  12:23  Barracks Tech Lab  
  70  12:30  Barracks Tech Lab  
  70  12:52  SCV, Planetary Fortress  
  70  12:55  Missile Turret  
  71  12:59  SCV  
  71  13:04  SCV  
  73  13:11  SCV  
  74  13:16  SCV  
  75  13:41  SCV x3  
  76  13:53  SCV x3  
  79  14:05  SCV x3, Hellion  
  84  14:17  SCV x2  
  86  14:26  Thor  
  82  14:55  Thor x2  
  94  15:06  Personal Cloaking  
  92  15:09  Supply Depot  
  92  15:10  Supply Depot  
  90  15:14  Hellion  
  92  15:36  Hellion  
  94  15:43  Planetary Fortress  
  94  15:52  Thor  
  94  15:53  Thor  
  104  16:12  Siege Tank  
  107  16:31  Siege Tank  
  106  16:35  Missile Turret  
  106  16:38  Missile Turret x2  
  102  16:42  SCV x3  
  105  16:54  SCV  
  105  17:00  Supply Depot  
  106  17:01  Supply Depot  
  106  17:07  Refinery  
  106  17:13  Siege Tank x2  
  106  17:15  Siege Tank  
  112  17:32  Siege Tank  
  115  17:38  Missile Turret  
  115  17:48  Refinery  
  93  18:31  Thor x4  
  117  18:34  Orbital Command  
  117  19:10  SCV  
  68  20:45  SCV  
  69  20:50  Command Center  
  69  20:57  SCV  
  70  22:10  Thor  
Show
View Real Time Build Order
Export as new Build Order

Oghma Zerg 

Build Orders: Pool First 

Get SALT Encoding   

  12  0:01  Drone  
  13  0:12  Overlord  
  13  0:16  Drone  
  14  0:31  Drone x2  
  16  0:41  Drone  
  17  0:59  Drone  
  17  1:00  Drone  
  19  1:06  Spawning Pool  
  18  1:16  Extractor  
  17  1:24  Drone x2  
  19  1:28  Drone  
  20  1:40  Drone  
  21  2:00  Zergling x2  
  22  2:08  Hatchery, Roach Warren  
  20  2:23  Zergling x4  
  22  2:37  Overlord  
  22  2:39  Overlord  
  22  2:55  Queen  
  22  2:56  Hatchery  
  22  2:58  Roach x2  
  26  3:12  Metabolic Boost  
  26  3:14  Roach  
  28  3:25  Queen  
  30  3:27  Zergling x2  
  30  3:28  Zergling x2  
  30  3:30  Roach  
  34  4:04  Drone x6  
  42  4:18  Spore Crawler  
  42  4:21  Lair  
  39  4:26  Queen  
  39  4:27  Drone x3  
  39  4:28  Drone  
  39  4:30  Drone  
  46  4:31  Drone  
  46  4:35  Drone  
  48  4:42  Drone  
  48  4:44  Overlord  
  49  4:47  Overlord  
  49  5:08  Drone x2  
  49  5:09  Drone x7  
  49  5:13  Extractor x2, Spore Crawler  
  55  5:46  Drone x3  
  55  5:47  Drone  
  58  5:53  Glial Reconstitution  
  58  5:55  Drone  
  55  6:23  Spore Crawler  
  54  6:27  Queen  
  56  6:51  Hatchery  
  56  6:53  Spire  
  54  6:55  Drone x2  
  54  6:56  Baneling Nest  
  54  6:57  Drone  
  54  6:59  Extractor  
  55  7:07  Overseer  
  55  7:17  Drone x2  
  55  7:21  Overseer  
  52  7:42  Drone x3  
  52  7:43  Drone x3  
  52  7:44  Spore Crawler, Drone x4  
  60  7:57  Hatchery  
  60  8:05  Roach  
  60  8:06  Roach x3  
  60  8:11  Overlord x6  
  66  8:13  Centrifugal Hooks  
  66  8:14  Zerg Flyer Weapons Level 1  
  66  8:28  Queen  
  68  8:34  Mutalisk x8  
  68  8:37  Zergling x14  
  91  8:44  Hatchery  
  88  9:00  Spore Crawler  
  85  9:07  Corruptor x4  
  92  9:11  Zergling x16  
  101  9:24  Queen, Spore Crawler  
  99  9:25  Corruptor  
  99  9:27  Corruptor  
  104  9:31  Spore Crawler  
  104  9:32  Spore Crawler  
  85  9:53  Baneling x5  
  85  9:54  Baneling x7  
  85  9:56  Zergling x24  
  97  10:14  Evolution Chamber  
  94  10:21  Evolution Chamber  
  59  10:43  Corruptor x4  
  59  10:44  Corruptor  
  61  10:50  Drone x3  
  61  10:51  Drone  
  61  10:52  Drone  
  61  10:53  Drone x3  
  69  10:58  Spine Crawler  
  68  11:05  Drone x3  
  71  11:19  Corruptor x2  
  67  11:54  Drone x6  
  69  11:55  Drone x5  
  69  11:58  Spine Crawler, Spore Crawler  
  69  11:59  Spore Crawler  
  69  12:00  Drone x5  
  69  12:01  Drone x5  
  84  12:03  Drone  
  84  12:04  Drone  
  87  12:30  Extractor x2  
  84  12:45  Extractor  
  83  12:52  Extractor  
  83  12:55  Roach x7  
  83  12:56  Roach x5  
  106  13:07  Spore Crawler  
  105  13:16  Spine Crawler  
  104  13:28  Corruptor x4  
  104  13:32  Overlord  
  104  13:34  Overlord  
  112  13:52  Drone  
  112  13:53  Drone x2  
  115  14:06  Extractor  
  115  14:07  Overlord  
  115  14:08  Overlord  
  114  14:10  Hatchery  
  114  14:11  Corruptor  
  114  14:12  Corruptor x2  
  114  14:16  Overlord, Spine Crawler, Spore Crawler  
  114  14:17  Overlord x6  
  117  14:21  Zerg Flyer Armor Level 1  
  117  14:23  Spire  
  116  14:30  Spore Crawler  
  115  14:34  Spine Crawler  
  108  15:25  Drone x3  
  108  15:26  Drone x13  
  108  15:28  Drone  
  123  15:49  Overlord  
  121  15:53  Zergling x10  
  121  15:54  Zergling x10  
  131  15:59  Zerg Missile Weapons Level 1, Zerg Melee Weapons Level 1  
  127  16:30  Queen  
  128  16:40  Queen  
  130  16:52  Queen  
  130  16:53  Drone  
  130  16:54  Drone  
  134  16:58  Spine Crawler  
  134  17:00  Spine Crawler  
  132  17:02  Drone x4  
  132  17:05  Spore Crawler  
  135  17:09  Overlord  
  135  17:22  Baneling x11  
  135  17:28  Zergling x2  
  135  17:29  Zergling x48  
  164  17:30  Zergling x18  
  169  17:42  Zergling x12  
  169  17:43  Zergling x2  
  176  17:44  Zergling x2  
  176  17:46  Zergling x2  
  178  17:54  Zerg Ground Armor Level 1  
  178  17:57  Extractor  
  177  18:01  Extractor  
  122  18:14  Zergling x2  
  122  18:15  Zergling x34  
  131  18:21  Corruptor x2  
  131  18:24  Spore Crawler  
  131  18:25  Spore Crawler  
  133  18:27  Zerg Missile Weapons Level 2  
  133  18:32  Zerg Flyer Weapons Level 2, Zerg Flyer Armor Level 2  
  133  18:58  Pneumatized Carapace  
  133  19:00  Extractor  
  100  19:47  Zerg Melee Weapons Level 2  
  83  19:56  Zergling x22  
  83  19:57  Zergling x56  
  112  20:04  Zergling x6  
  115  20:17  Infestation Pit  
  102  20:27  Zergling x16  
  78  20:41  Spine Crawler, Zergling x4  
  78  20:42  Zergling x8  
  74  21:04  Zergling x10  
  74  21:09  Hatchery  
  75  21:12  Hatchery  
  75  21:15  Zergling x4  
  65  21:39  Zergling x2  
  57  21:40  Zergling x4  
  42  22:05  Zergling x6  
Tags
 
Add a new tag
Caveats
  • Supply blocks, unpowered buildings, or Contaminate may cause inaccurate times.
  • Supply counts are checked every 10 seconds.